 Dungeon Crawl Stone Soup version 0.30.0 (webtiles) character file.

Game seed: 17424711466541260960

1391 mdmota the Trooper (level 9, 0/65 HPs)
             Began as a Djinni Chaos Knight on Dec 30, 2023.
             Was a Plaything of Xom.
             Slain by Pikel the yaktaur (shapeshifter)
             ... wielding a +1 whip of flaming
              (5 damage)
             ... on level 5 of the Dungeon.
             The game lasted 00:40:12 (6073 turns).

mdmota the Trooper (Djinni Chaos Knight)            Turns: 6073, Time: 00:40:13

Health: 0/65       AC:  6    Str:  9    XL:     9   Next: 0%
Gold:   524        EV: 18    Int: 21    God:    Xom [*.....] SH:  0 Dex: 16

rFire   + + .        G - +0 war axe
rCold   x . .        (no shield)
rNeg    . . .        b - +3 leather armour
rPois   ∞            (helmet restricted)
rElec   .            (no cloak)
rCorr   .            (no gloves)
SInv    .            (boots unavailable)
Will    +....        (no amulet)
Stlth   ++           y - +5 ring of evasion
HPRegen 0.30/turn    (no ring)
MPRegen 0.00/turn

%: infuse magic (-1 HP)
@: flying, unable to drink
A: sickness immunity, fire resistance 2, cold vulnerability 1, float, innate
caster, HP casting, extra vitality 1, horns 2, agile 1, clever 1, strong-willed
1, mutation resistance 1, no potion heal 1, subdued magic 2, inability to drink
after injury 1, MP-powered wands
a: Renounce Religion


You were on level 5 of the Dungeon.
You worshipped Xom.
You were a special plaything of Xom.
You visited 1 branch of the dungeon, and saw 6 of its levels.
You also visited: Ossuary.

You collected 524 gold pieces.

Inventory:

Hand Weapons
 a - a +0 hand axe of chaos
 e - a +0 flail of holy wrath
 g - a +0 morningstar
 G - a +0 war axe (weapon)
Missiles
 j - a throwing net
 x - 3 boomerangs (quivered)
Armour
 b - a +3 leather armour (worn)
Jewellery
 p - a ring of fire
 y - a +5 ring of evasion (left hand)
Wands
 w - a wand of iceblast (2)
 H - a wand of polymorph (15)
Scrolls
 f - a scroll of immolation
 i - 2 scrolls of vulnerability {unknown}
 n - a scroll of magic mapping {unknown}
 q - a scroll of fear
 r - a scroll of teleportation
 s - 2 scrolls of enchant armour
 v - a scroll of poison {unknown}
 z - 2 scrolls of noise {unknown}
 A - 2 scrolls of fog {unknown}
 B - a scroll of torment {unknown}
Potions
 d - 2 potions of berserk rage {unknown}
 h - 3 potions of curing
 k - a potion of haste {unknown}
 l - 2 potions of ambrosia
 m - 2 potions of might
 o - 2 potions of flight {unknown}
 t - a potion of attraction {unknown}
 u - 3 potions of cancellation {unknown}
 C - 2 potions of invisibility {unknown}
 D - a potion of heal wounds
 E - a potion of lignification {unknown}
 F - 2 potions of brilliance {unknown}
Miscellaneous
 c - a piece from Xom's chessboard (11/15)


   Skills:
 * Level 5.6 Fighting
 + Level 5.0 Axes
 + Level 0.5 Throwing
 + Level 3.2 Armour
 + Level 4.5 Dodging
 + Level 2.1 Stealth
 * Level 3.0 Spellcasting
 + Level 1.9 Evocations


You knew the following spells:

 Your Spells              Type           Power      Damage    Failure   Level
a - Freeze                Ice            40%        1d6       3%          1
b - Momentum Strike       Conj/Tloc      20%        3d8       4%          2
c - Static Discharge      Conj/Air       20%        2-3/arc   4%          2
d - Ozocubu's Armour      Ice            10%        N/A       11%         3
Your spell library was empty.

Dungeon Overview and Level Annotations

Branches:
Dungeon (6/15)             Temple (0/1) D:6         Ossuary (visited)

Altars:
Ashenzari
Gozag
Xom

Shops:
D:5 *

Annotations:
D:3 3 runed translucent doors, LeafLetters's ghost, amateur VSNe
D:5 Pikel


Innate Abilities, Weirdness & Mutations

You are immune to sickness and miasma.
You are immune to poison.
Your flesh is very heat resistant. (rF++)
You are vulnerable to cold. (rC-)
You float through the air rather than walking.
You learn spells naturally, not from books.
Your magical power is your life essence.
You have superior vitality. (+4 MHP)
You have a pair of horns on your head.
You are agile. (Dex +4, Str/Int -1)
Your mind is acute. (Int +4, Str/Dex -1)
You are strong-willed. (Will+)
You are somewhat resistant to further mutation.
Potions are less effective at restoring your health.
Your spells are easier to cast, but less powerful.
You occasionally lose the ability to drink potions when taking damage.
You expend health (3 HP) to strengthen your wands.


Message History

The lemure misses you.
You hit Pikel.
Pikel is lightly wounded.
You closely miss the lemure. The lemure hits you but does no damage.
Pikel picks up a +1 whip of flaming.
Pikel wields a +1 whip of flaming.
It bursts into flame!
The lemure hits you.
You hit Pikel but do no damage. You headbutt Pikel.
You punch Pikel, but do no damage.
Pikel is lightly wounded.
You hit the lemure.
Pikel picks up a +0 robe.
Pikel wears a +0 robe.
The lemure closely misses you.
You hit Pikel but do no damage. You headbutt Pikel!
Pikel is moderately wounded.
You hit the lemure but do no damage. Pikel misses you.
The lemure completely misses you.
You hit Pikel but do no damage. You headbutt Pikel, but do no damage.
Pikel is moderately wounded.
You miss the lemure. Pikel misses you. The lemure hits you.
Pikel barely misses you.
You slash Pikel! You headbutt Pikel.
Pikel is heavily wounded.
You hit the lemure. The lemure closely misses you. Pikel completely misses you.
The lemure misses you.
You slash Pikel!
Pikel is almost dead.
You closely miss the lemure.
Pikel hits you with a +1 whip of flaming!!
You feel threatened and lose the ability to drink potions!
* * * LOW HITPOINT WARNING * * *
The lemure completely misses you.
You hit the lemure.
You kill the lemure!
That felt strangely unrewarding.
You hit Pikel but do no damage.
Pikel hits you with a +1 whip of flaming!
* * * LOW HITPOINT WARNING * * *
Pikel burns you.
* * * LOW HITPOINT WARNING * * *
Pikel hits you with a +1 whip of flaming.
You die...
Xom roars with laughter!

#..# #.# #.# #.# #..#
#.# #.# #.# #..#
#.####W# #.# #..#
#......# ##. #..#
#####..# ## #..#
#########..# # #..#
555........# #
#..##c# ######.## #
#...@.# #.######
##.###########.......
#......4.5..########
###########.########
#........) ##########


You could see Pikel the yaktaur shaped shifter and 3 lemures.

Vanquished Creatures
  Menkaure (D:5)
  A black bear (D:5)
  An ice beast (D:4)
  An ogre (D:5)
  A centaur (D:5)
  2 lemures
  3 phantoms
  A scorpion (D:5)
  A jelly (D:5)
  2 hounds
  An orc priest (D:4)
  3 iguanas
  2 orc wizards
  8 mummies (Ossuary)
  Robin (D:3)
  5 adders
  A worm (D:2)
  3 dart slugs
  6 orcs
  8 ball pythons
  4 endoplasms
  A giant cockroach (D:3)
  2 gnoll zombies (Ossuary)
  14 goblins
  12 hobgoblins
  12 jackals
  5 kobolds
  6 quokkas
  2 bats
  4 frilled lizards
  4 hobgoblin zombies (Ossuary)
  2 orc zombies (Ossuary)
  6 rats
126 creatures vanquished.

Vanquished Creatures (collateral kills)
  An ogre (D:4)
  2 goblins (D:4)
  A jackal (D:2)
4 creatures vanquished.

Vanquished Creatures (others)
  An orc (D:3)
1 creature vanquished.

Grand Total: 131 creatures vanquished

Notes
Turn   | Place    | Note
-------+----------+-------------------------------------------
     0 | D:1      | mdmota the Djinni Chaos Knight began the quest for the Orb.
     0 | D:1      | Reached XP level 1. HP: 20/20 MP: 0/0
   140 | D:2      | Reached XP level 2. HP: 25/25 MP: 0/0
   472 | D:1      | Reached XP level 3. HP: 30/30 MP: 0/0
   472 | D:1      | Learned a level 1 spell: Freeze
   554 | D:1      | XOM: divination: detect items
  1026 | D:2      | XOM: noise
  1027 | D:2      | XOM: chaos upgrade
  1110 | D:2      | Reached XP level 4. HP: 34/36 MP: 0/0
  1400 | D:2      | XOM: 1-stop teleportation journey
  1658 | D:3      | XOM: 6-stop teleportation journey
  1800 | D:3      | Noticed Robin
  1821 | D:3      | XOM: give mutations
  1821 | D:3      | Gained mutation: You have a pair of small horns on your
                  | head. [Xom's mischief]
  1821 | D:3      | Gained mutation: You do not regenerate when monsters are
                  | visible. [Xom's mischief]
  1821 | D:3      | Lost mutation: You do not regenerate when monsters are
                  | visible. [Xom's mischief]
  1900 | D:3      | Reached XP level 5. HP: 41/41 MP: 0/0
  1900 | D:3      | Learned a level 2 spell: Momentum Strike
  1901 | D:3      | Found a faded altar of an unknown god.
  1982 | D:3      | You are sucked into a shaft and drop 2 floors!
  1982 | D:5      | Entered Level 5 of the Dungeon
  1982 | D:5      | Found an opulent altar of Gozag.
  1982 | D:5      | Found Gozag's Platinum Reserve.
  1984 | D:5      | Noticed a centaur
  1992 | D:5      | XOM: silly message
  1995 | D:5      | Killed a centaur
  1996 | D:5      | Reached skill level 1 in Spellcasting
  1999 | D:5      | Reached XP level 6. HP: 32/47 MP: 0/0
  2023 | D:5      | XOM: summons 3 hostile shadow creatures
  2024 | D:5      | Noticed a black bear
  2075 | D:5      | Noticed an ogre
  2227 | D:6      | XOM: confusion
  2349 | D:6      | XOM: 4-stop teleportation journey
  2351 | D:6      | Found a staircase to the Ecumenical Temple.
  2369 | D:5      | XOM: summons 4 hostile demons
  2370 | D:5      | Noticed an ice devil
  2441 | D:5      | XOM: stat loss: -1 Str (8/11)
  2479 | D:5      | Noticed Pikel
  2542 | D:5      | Noticed a black bear
  2544 | D:5      | XOM: torment (12/48 hp)
  2551 | D:5      | Killed an ogre
  2552 | D:5      | Reached XP level 7. HP: 16/53 MP: 0/0
  2552 | D:5      | Learned a level 2 spell: Static Discharge
  2559 | D:5      | Reached skill level 1 in Stealth
  2671 | D:5      | XOM: give mutations
  2671 | D:5      | Gained mutation: You are clumsy. (Dex -2) [Xom's mischief]
  2671 | D:5      | Gained mutation: You have hidden genetic defects. [Xom's
                  | mischief]
  2671 | D:5      | Gained mutation: You occasionally lose the ability to drink
                  | potions when taking damage. [Xom's mischief]
  2671 | D:5      | Gained mutation: Your spells are a little easier to cast,
                  | but a little less powerful. [Xom's mischief]
  2685 | D:5      | XOM: give mutations
  2685 | D:5      | Gained mutation: You are robust. (+10% HP) [Xom's grace]
  2685 | D:5      | Gained mutation: You expend health (3 HP) to strengthen
                  | your wands. [Xom's grace]
  2696 | D:5      | Reached skill level 5 in Fighting
  2701 | D:5      | Noticed Menkaure
  2708 | D:5      | Found a sand-covered staircase.
  2717 | Ossuary  | Entered an ossuary
  2771 | Ossuary  | Gained mutation: Potions are less effective at restoring
                  | your health. [hidden defects]
  2963 | Ossuary  | XOM: give mutation
  2963 | Ossuary  | Gained mutation: Your mind is acute. (Int +4, Str/Dex -1)
                  | [Xom's grace]
  3025 | Ossuary  | XOM: silly message
  3156 | Ossuary  | HP: 2/59 [mummy (8)]
  3268 | Ossuary  | XOM: give mutations
  3268 | Ossuary  | Gained mutation: You are strong-willed. (Will+) [Xom's
                  | mischief]
  3268 | Ossuary  | Lost mutation: You are robust. (+10% HP) [Xom's mischief]
  3326 | Ossuary  | Reached XP level 8. HP: 43/59 MP: 0/0
  3333 | Ossuary  | XOM: fog
  3354 | Ossuary  | Gained mutation: Your spells are easier to cast, but less
                  | powerful. [hidden defects]
  3354 | Ossuary  | Lost mutation: You have hidden genetic defects. [hidden
                  | defects expressed]
  3575 | D:4      | XOM: god gift: ring mail {god gift}
  3659 | D:4      | Reached skill level 1 in Evocations
  3680 | D:4      | HP: 2/59 [ogre/+0 giant club (17)]
  3682 | D:4      | XOM: confuse monster(s)
  3691 | D:4      | XOM: destruction
  3777 | D:4      | Found a broken altar of Ashenzari.
  3951 | D:3      | Noticed Sigmund
  4009 | D:3      | XOM: give mutations
  4009 | D:3      | Gained mutation: You have a pair of horns on your head.
                  | [Xom's grace]
  4009 | D:3      | Lost mutation: You are clumsy. (Dex -2) [Xom's grace]
  4051 | D:3      | Found a runed translucent gate.
  4051 | D:3      | Found a runed translucent gate.
  4052 | D:3      | Found an opulent altar of Gozag.
  4052 | D:3      | Found a runed translucent gate.
  4053 | D:3      | Noticed LeafLetters's ghost (amateur VSNe)
  4135 | D:3      | Killed Robin
  4299 | D:3      | Noticed Grinder
  4320 | D:3      | Grinder changed into Grinder the lemure
  4320 | D:3      | Noticed Grinder
  4320 | D:3      | XOM: polymorph Grinder -> Grinder the lemure
  4321 | D:3      | XOM: scenery: create altars
  4333 | D:3      | XOM: give mutations
  4333 | D:3      | Gained mutation: You are somewhat resistant to further
                  | mutation. [Xom's grace]
  4333 | D:3      | Gained mutation: You are agile. (Dex +4, Str/Int -1) [Xom's
                  | grace]
  4353 | D:3      | XOM: cleaving
  4359 | D:3      | XOM: noise
  4362 | D:3      | Killed Grinder the lemure
  4539 | D:3      | XOM: silly message
  4864 | D:4      | HP: 1/59 [ice beast (9)]
  5368 | D:3      | an orc wizard changed into a glowing shapeshifter
  5368 | D:3      | Noticed a glowing shapeshifter (glowing shapeshifter)
  5368 | D:3      | a glowing shapeshifter changed into a swamp dragon
  5368 | D:3      | Noticed a swamp dragon (glowing shapeshifter)
  5370 | D:3      | a swamp dragon changed into a glowing shapeshifter
  5370 | D:3      | Noticed a glowing shapeshifter (glowing shapeshifter)
  5370 | D:3      | XOM: polymorph swamp dragon -> glowing shapeshifter
  5370 | D:3      | a glowing shapeshifter changed into a water nymph
  5370 | D:3      | Noticed a water nymph (glowing shapeshifter)
  5771 | D:5      | XOM: noise
  5782 | D:5      | Killed Menkaure
  5932 | D:5      | Reached skill level 5 in Axes
  5932 | D:5      | Reached XP level 9. HP: 43/65 MP: 0/0
  5932 | D:5      | Learned a level 3 spell: Ozocubu's Armour
  6066 | D:5      | Pikel changed into Pikel the shapeshifter
  6066 | D:5      | XOM: polymorph Pikel -> Pikel the shapeshifter
  6066 | D:5      | Pikel the shapeshifter changed into Pikel the yaktaur
  6066 | D:5      | Noticed Pikel (shapeshifter)
  6073 | D:5      | Slain by Pikel the yaktaur (shapeshifter)

Illustrated notes

Levels and vault maps discovered:
D:1:      erik_arrival_orb_chamber, layout_loops_ring
D:2:      layout_loops_ring
D:3:      layout_loops_ring, ebering_ghost_gozag, basic_ecumenical_altar,
          uniq_grinder, uniq_robin, uniq_sigmund
D:4:      layout_gridville, cheibrodos_ashenzari_chains
D:5:      layout_loops_ring, nicolae_gozag_zags_fifth_avenue,
          nicolae_ossuary_entry_plus, uniq_menkaure, uniq_pikel
D:6:      layout_basic, temple_pool_b

Skill      XL: |  1  2  3  4  5  6  7  8 |
---------------+-------------------------+-----
Axes           | 3 4 5 |  5.0
Fighting       | 4 5 |  5.6
Armour         | 2 3 |  3.2
Spellcasting   | 1 2 3 |  3.0
Dodging        | 3 4 |  4.5
Stealth        | 1 2 |  2.1
Evocations     | 1 |  1.9
Throwing       | |  0.5

Action                     |  1- 3 |  4- 6 |  7- 9 || total
---------------------------+-------+-------+-------++-------
  Melee: Hand axe          |   111 |   140 |   224 ||   475
         Punch             |       |     6 |     9 ||    15
         Headbutt          |       |    25 |    62 ||    87
         War axe           |       |       |    43 ||    43
  Throw: Boomerang         |       |       |    15 ||    15
   Cast: Freeze            |       |     1 |       ||     1
         Momentum Strike   |       |     1 |       ||     1
  Evoke: Piece from Xom's  |       |     3 |    10 ||    13
         Wand              |       |     2 |    25 ||    27
    Use: Scroll            |       |     5 |       ||     5
         Potion            |       |     4 |     8 ||    12
   Stab: Paralysed         |     1 |       |     5 ||     6
         Petrified         |       |     3 |       ||     3
         Confused          |       |     2 |       ||     2
         Sleeping          |       |       |     2 ||     2
 Armour: Leather armour    |    39 |    48 |    48 ||   135
  Dodge: Dodged            |    56 |   102 |   180 ||   338
